 Dungeon Sprint DCSS version 0.21-a0-274-gc1afaeb (webtiles) character file.

1168 potatolord6000 the Fighter (level 8, -1/79 HPs)
             Began as a Minotaur Monk on Sept 18, 2017.
             Was an Elder of Okawaru.
             Succumbed to an emperor scorpion's poison
             ... in the Dungeon (Sprint VII: "The Pits").
             The game lasted 00:02:43 (1016 turns).

potatolord6000 the Fighter (Minotaur Monk)          Turns: 1016, Time: 00:02:44

Health: -1/79      AC: 18    Str: 19    XL:     8   Next: 17%
Magic:  12/12      EV: 18    Int:  7    God:    Okawaru [****..]
Gold:   0          SH:  0    Dex: 12    Spells: 7/7 levels left

rFire    . . .     SeeInvis .   p - +2 scimitar (holy)
rCold    . . .     Gourm    .   (no shield)
rNeg     . . .     Faith    .   v - +4 chain mail
rPois    .         Spirit   .   (helmet restricted)
rElec    .         Reflect  .   t - +0 cloak
rCorr    .         Harm     .   u - +0 pair of gloves
MR       .....     NoTele   +   (no boots)
Stlth    ..........             (no amulet)
HPRegen  0.23/turn              b - +3 ring of evasion
MPRegen  0.13/turn              q - +3 ring of evasion

@: lethally poisoned (-1 -> -24)
A: retaliatory headbutt, horns 2
a: Heroism, Renounce Religion


You were in the Dungeon.
You worshipped Okawaru.
Okawaru was greatly pleased with you.
You were not hungry.

You visited 1 branch

Inventory:

Hand Weapons
 p - a +2 scimitar of holy wrath (weapon)
Armour
 t - a +0 cloak (worn)
 u - a +0 pair of gloves (worn)
 v - a +4 chain mail (worn)
Jewellery
 b - a +3 ring of evasion (left hand)
 q - a +3 ring of evasion (right hand)
Scrolls
 i - a scroll of blinking
 k - 3 scrolls of remove curse
 l - 5 scrolls of amnesia
 m - a scroll of summoning
Potions
 a - 2 potions of invisibility
 d - 5 potions of curing
 e - 5 potions of heal wounds
 f - 2 potions of haste
 g - 4 potions of magic
 h - 3 potions of berserk rage
 r - 3 potions of might
 s - 2 potions of brilliance
Comestibles
 c - 8 bread rations
 n - 40 fruits
 o - 7 meat rations


   Skills:
 + Level 10.3 Fighting
 + Level 10.3 Long Blades
 + Level 9.7 Armour
 + Level 9.5 Dodging
 - Level 1.5 Stealth
 + Level 7.8 Invocations


You had 7 spell levels left.
You didn't know any spells.

Dungeon Overview and Level Annotations

Branches:
Dungeon (1/1)

Altars:
Ashenzari
Cheibriados
Dithmenos
Elyvilon
Fedhas
Gozag
Hepliaklqana
Kikubaaqudgha
Makhleb
Nemelex Xobeh
Okawaru
Qazlal
Ru
Sif Muna
Trog
Uskayaw
Vehumet
Wu Jian
Xom
Yredelemnul
Zin
The Shining One
Beogh
Jiyva
Lugonu


Innate Abilities, Weirdness & Mutations

You reflexively headbutt those who attack you in melee.
You have a pair of horns on your head.


Message History

The orc knight is almost dead.
The hellwing misses you. You furiously retaliate!
You headbutt the hellwing. The hellwing completely misses you.
The emperor scorpion stings you! The emperor scorpion claws you.
The emperor scorpion claws you but does no damage.
The orc knight hits you with a battleaxe!!
* * * LOW HITPOINT WARNING * * *
You closely miss the orc knight. Your headbutt misses the orc knight.
The orc knight is almost dead.
The hellwing barely misses you. The hellwing hits you.
* * * LOW HITPOINT WARNING * * *
The emperor scorpion stings you.
* * * LOW HITPOINT WARNING * * *
You are lethally poisoned!
The emperor scorpion poisons you! The emperor scorpion claws you.
* * * LOW HITPOINT WARNING * * *
The emperor scorpion barely misses you.
You closely miss the orc knight. Your headbutt misses the orc knight.
The orc knight is almost dead.
You die...

)#####'#####''######
)##.......##''#
)##.......##..#
.##.......##..# +#
###...<...##††# #.##
.##.......##..# #...##
.##.......##..## #.....#
###.......##...##sh....#
.###########....@ooo...+
############...##4o....#
#....#..[.##..## #4....#
#....#.!.[##..# #...##
'....'..))##..# #.##
#..).#.!))##..# +#
#....#..))##..#
###############


You could see an emperor scorpion, an orc knight, 2 hellwings, a warg and 3 orc
warriors.

Vanquished Creatures
  A demonic crawler (D)
  A flying skull (D)
  A redback (D)
  A fire bat (D)
  A basilisk (D)
  A vampire mosquito (D)
  A swamp drake (D)
  A jelly (D)
  Jessica (D)
  2 river rats (D)
  3 ufetubi (D)
  An adder zombie (D)
  A leopard gecko (D)
  A bat zombie (D)
  2 hobgoblins (D)
  8 jackals (D)
  A kobold (D)
  A ball python (D)
  2 bats (D)
31 creatures vanquished.

Notes
Turn   | Place    | Note
-------+----------+-------------------------------------------
     0 | D        | potatolord6000 the Minotaur Monk began the quest for the Orb.
     0 | D        | Reached XP level 1. HP: 19/19 MP: 0/0
    13 | D        | Reached skill level 1 in Armour
    18 | D        | Found a bloodstained altar of Trog.
    18 | D        | Found a deep blue altar of Sif Muna.
    18 | D        | Found a viscous altar of Jiyva.
    18 | D        | Found a hazy altar of Hepliaklqana.
    18 | D        | Found an opulent altar of Gozag.
    45 | D        | Found a glowing golden altar of the Shining One.
    45 | D        | Found a glowing silver altar of Zin.
    45 | D        | Found a basalt altar of Yredelemnul.
    45 | D        | Found a shimmering altar of Xom.
    45 | D        | Found an ornate altar of the Wu Jian Council.
    45 | D        | Found a sacrificial altar of Ru.
    45 | D        | Found a stormy altar of Qazlal.
    45 | D        | Found an iron altar of Okawaru.
    45 | D        | Found a sparkling altar of Nemelex Xobeh.
    45 | D        | Found a burning altar of Makhleb.
    45 | D        | Found a blossoming altar of Fedhas.
    45 | D        | Found a white marble altar of Elyvilon.
    45 | D        | Found a shadowy altar of Dithmenos.
    45 | D        | Found a snail-covered altar of Cheibriados.
    47 | D        | Found a radiant altar of Vehumet.
    47 | D        | Found a corrupted altar of Lugonu.
    47 | D        | Found a roughly hewn altar of Beogh.
    48 | D        | Found a hide-covered altar of Uskayaw.
    48 | D        | Found an ancient bone altar of Kikubaaqudgha.
    48 | D        | Found a shattered altar of Ashenzari.
    55 | D        | Became a worshipper of Warmaster Okawaru
    55 | D        | Reached * piety under Okawaru
    55 | D        | Reached ** piety under Okawaru
    93 | D        | Reached skill level 1 in Invocations
    93 | D        | Reached XP level 2. HP: 20/28 MP: 1/1
   231 | D        | Reached skill level 5 in Long Blades
   232 | D        | Reached XP level 3. HP: 20/35 MP: 2/2
   392 | D        | Noticed a fire bat
   398 | D        | Reached skill level 5 in Fighting
   404 | D        | Reached skill level 5 in Dodging
   404 | D        | Reached XP level 4. HP: 32/42 MP: 2/4
   408 | D        | Killed a fire bat
   408 | D        | Reached XP level 5. HP: 52/52 MP: 3/7
   429 | D        | Noticed a vampire mosquito
   446 | D        | Killed a vampire mosquito
   446 | D        | Reached *** piety under Okawaru
   446 | D        | Reached skill level 5 in Invocations
   446 | D        | Reached XP level 6. HP: 45/61 MP: 6/9
   543 | D        | Noticed Jessica
   543 | D        | Noticed a basilisk
   543 | D        | Noticed a swamp drake
   559 | D        | Killed a swamp drake
   595 | D        | Killed a basilisk
   595 | D        | Reached XP level 7. HP: 47/70 MP: 10/10
   596 | D        | Killed Jessica
   877 | D        | Noticed a flying skull
   878 | D        | Noticed a demonic crawler
   879 | D        | Noticed a redback
   880 | D        | Killed a flying skull
   884 | D        | Killed a redback
   884 | D        | Reached **** piety under Okawaru
   891 | D        | Killed a demonic crawler
   891 | D        | Reached skill level 10 in Fighting
   891 | D        | Reached skill level 10 in Long Blades
   891 | D        | Reached XP level 8. HP: 56/79 MP: 12/12
  1002 | D        | Noticed an emperor scorpion
  1002 | D        | Noticed an orc knight
  1002 | D        | Noticed a hellwing
  1002 | D        | Noticed a hellwing
  1015 | D        | HP: 1/79 [emperor scorpion (4)]
  1016 | D        | Succumbed to an emperor scorpion's poison

Vault maps used:
D:        pitsprint

Skill      XL: |  1  2  3  4  5  6  7 |
---------------+----------------------+-----
Fighting       | 4 5 7 8 9 10 | 10.3
Long Blades    | 4 5 7 8 9 10 | 10.3
Armour         | 2 3 4 6 7 8 9 |  9.7
Dodging        | 4 5 6 7 8 9 |  9.5
Invocations    | 1 2 4 5 6 7 |  7.8
Stealth        | |  1.5

Action                   |  1- 3 |  4- 6 |  7- 9 || total
-------------------------+-------+-------+-------++-------
Melee: Falchion          |    23 |    50 |       ||    73
       Headbutt          |     6 |     9 |    10 ||    25
       Punch             |       |     1 |       ||     1
       Scimitar          |       |       |    24 ||    24
Invok: Heroism           |       |     1 |       ||     1
  Use: Potion            |     1 |     3 |       ||     4
 Stab: Sleeping          |     1 |       |       ||     1
Armor: Robe              |     3 |       |       ||     3
       Chain mail        |    25 |    35 |    22 ||    82
Dodge: Dodged            |    48 |    29 |    45 ||   122
       Rpst.: Falchion   |    11 |     7 |       ||    18
       Scimitar          |       |       |     8 ||     8

Table legend:
 A = Spawn XP
 B = Non-spawn XP
 C = Spawn XP percentage of total XP
 D = Spawn monster count
 E = Non-spawn monster count
 F = Spawn count percentage of total count
 G = Total turns spent on level
                    A         B        C        D         E        F      G
               +---------+---------+-------+---------+---------+-------+---------
         Total |       0 |    1669 |   0.0 |       0 |      31 |   0.0 |  1016
               +---------+---------+-------+---------+---------+-------+---------
             D |       0 |    1669 |   0.0 |       0 |      31 |   0.0 |  1016
               +---------+---------+-------+---------+---------+-------+---------
